 Dungeon Crawl Stone Soup version 0.28.0-47-ge53b351184 (webtiles) character file.

Game seed: 12206370036243243173

1469 RatsInWalls the Poker (level 9, -3/66 HPs)
             Began as a Human Wanderer on May 10, 2022.
             Was a Follower of Yredelemnul.
             Succumbed to an orc wizard's poison
             ... on level 5 of the Dungeon.
             The game lasted 00:12:15 (5565 turns).

RatsInWalls the Poker (Human Wanderer)              Turns: 5565, Time: 00:12:15

Health: -3/66      AC:  7    Str: 19    XL:     9   Next: 6%
Magic:  12/12      EV: 11    Int: 13    God:    Yredelemnul [*.....]
Gold:   191        SH:  0    Dex: 10    Spells: 10/10 levels left

rFire   . . .      SeeInvis .   s - +0 halberd
rCold   . . .      Faith    .   (shield currently unavailable)
rNeg    . . .      Spirit   .   d - +0 ring mail
rPois   .          Reflect  .   (no helmet)
rElec   .          Harm     .   (no cloak)
rCorr   .          Rampage  .   j - +0 pair of gloves
Will    .....                   (no boots)
Stlth   ..........              (no amulet)
HPRegen 0.21/turn               (no ring)
MPRegen 0.13/turn               (no ring)

@: lethally poisoned (-3 -> -23)
A: no striking features
a: Renounce Religion, Recall Undead Harvest


You were on level 5 of the Dungeon.
You worshipped Yredelemnul.
Yredelemnul was noncommittal.
You visited 1 branch of the dungeon, and saw 5 of its levels.

You collected 191 gold pieces.

Inventory:

Hand Weapons
 b - a +0 shortbow
 s - a +0 halberd (weapon)
Missiles
 c - 25 arrows
 u - 13 poisoned darts (quivered)
 v - 2 throwing nets
Armour
 d - a +0 ring mail (worn)
 j - a +0 pair of gloves (worn)
 k - a +2 buckler
Wands
 a - a wand of paralysis (4)
 w - a wand of acid (6)
Scrolls
 e - a scroll of fog
 f - a scroll of noise {unknown}
 h - a scroll of amnesia {unknown}
 p - a scroll of torment {unknown}
 x - 2 scrolls of brand weapon {unknown}
Potions
 g - a potion of heal wounds
 i - a potion of flight
 l - a potion of degeneration {unknown}
 m - a potion of magic {unknown}
 n - a potion of brilliance
 o - a potion of mutation {unknown}
 q - a potion of attraction {unknown}
 r - a potion of curing
 t - a potion of haste {unknown}
 z - 4 potions of lignification


   Skills:
 + Level 4.6 Fighting
 + Level 6.9 Polearms
 - Level 1.0 Bows
 + Level 5.6 Armour
 + Level 3.5 Dodging
 - Level 1.4 Shields
 - Level 1.2 Spellcasting
 + Level 5.0 Invocations


You had 10 spell levels left.
You didn't know any spells.
Your spell library contained the following spells:

 Spells                   Type           Power      Damage    Failure   Level
 Ozocubu's Armour         Ice            0%         N/A       80%         3
 Ozocubu's Refrigeration  Ice            0%         4d5       100%        7


Dungeon Overview and Level Annotations

Branches:
Dungeon (5/15)
 Temple: D:4-7

Altars:
Yredelemnul

Annotations:
D:3 1 runed translucent door, Crazy Yiuf


Message History

The orc wizard hits you but does no damage.
You are more poisoned.
You barely miss the orc wizard.
The orc wizard is severely wounded.
You feel extremely sick.
Your orc zombie barely misses the orc wizard.
The orc wizard casts a spell.
The orc wizard flickers and vanishes!
Deactivating autopickup; reactivate with Ctrl-A.
You miss something.
You feel very sick. Something hits you.
You are more poisoned.
You barely miss something.
You feel very sick. Something hits you.
You are more poisoned.
You miss something.
You feel extremely sick. Something hits you.
You are more poisoned.
You completely miss something.
* * * LOW HITPOINT WARNING * * *
You feel extremely sick.
An orc wizard comes into view. It is wielding a +0 dagger.
Something hits you but does no damage.
You are more poisoned.
You miss something.
* * * LOW HITPOINT WARNING * * *
You feel extremely sick.
You hear some strange, mumbled words.
A puff of flame appears from out of thin air!
The puff of flame hits you.
* * * LOW HITPOINT WARNING * * *
You miss something.
* * * LOW HITPOINT WARNING * * *
You feel very sick.
You swap places.
You die...
Your body rises from the dead as a mindless zombie.

#...#####..##.# #..#
#..##.# #..# #..##.#
# #..# #..#...
###>###..######..#..#
.................#..#
#..$....Z.....##..#
#####.#.########..# #
#@#.# #..# # #Z#.#
#..# # #oZ#. #.<# #
#.###.######..# # ...
.........g#### #.#
#.#........... #.#
#...###.#..### #.#
#.# #.#..### #.. .
..#....#


You could see an orc wizard, a friendly black bear zombie and a friendly orc
zombie.

Vanquished Creatures
  Pikel (D:5)
  Grinder (D:4)
  A black bear (D:5)
  A lemure (D:5)
  A phantom (D:5)
  The ghost of Arandomuser85 the Magician, an amateur DEAE (D:4)
  A kobold brigand (D:4)
  2 scorpions (D:5)
  A wight (D:5)
  An orc priest (D:3)
  A hound (D:4)
  Ijyb (D:3)
  An iguana (D:4)
  Natasha (twice) (D:2)
  A hound skeleton (D:4)
  A howler monkey zombie (D:4)
  3 gnolls (D:3)
  5 adders
  An ufetubus (D:4)
  An adder skeleton (D:4)
  2 worms (D:2)
  A dart slug (D:2)
  6 orcs
  5 bats
  5 endoplasms
  3 giant cockroaches
  8 hobgoblins
  7 jackals (D:1)
  2 quokkas
  8 ball pythons
  A frilled lizard (D:3)
  8 goblins
  10 kobolds
  5 rats
99 creatures vanquished.

Vanquished Creatures (collateral kills)
  Jessica (D:2)
  An orc (D:3)
  A ball python (D:3)
  An endoplasm (D:1)
  4 goblins (D:4)
  2 hobgoblins (D:1)
  2 bats
  A frilled lizard (D:3)
  2 kobolds (D:4)
  2 rats
17 creatures vanquished.

Vanquished Creatures (others)
  2 adder zombies
  2 bat zombies
  A gnoll zombie (D:3)
  A ball python zombie (D:4)
  A goblin zombie (D:4)
  3 hobgoblin zombies
  A jackal zombie (D:1)
  2 kobold zombies (D:4)
  An orc zombie (D:3)
  A spectral endoplasm (D:2)
15 creatures vanquished.

Grand Total: 131 creatures vanquished

Notes
Turn   | Place    | Note
-------+----------+-------------------------------------------
     0 | D:1      | RatsInWalls the Human Wanderer began the quest for the Orb.
     0 | D:1      | RatsInWalls set off with the following items: a +2 spear, a
                  | +0 shortbow, 25 arrows, a +0 ring mail
     0 | D:1      | Reached XP level 1. HP: 13/13 MP: 2/2
    37 | D:1      | Noticed a floating eye
    38 | D:1      | Found a faded altar of an unknown god.
    69 | D:1      | Reached XP level 2. HP: 10/20 MP: 3/3
   201 | D:1      | Noticed an eye of devastation
   201 | D:1      | Noticed a golden eye
   201 | D:1      | Noticed a shining eye
   208 | D:1      | Prayed at the altar of an unknown god.
   208 | D:1      | Became a worshipper of Yredelemnul the Dark
   208 | D:1      | Reached * piety under Yredelemnul
   452 | D:1      | Reached skill level 1 in Fighting
   488 | D:1      | Reached ** piety under Yredelemnul
   489 | D:1      | Reached XP level 3. HP: 25/26 MP: 4/4
   830 | D:1      | Reached skill level 1 in Invocations
  1294 | D:2      | Reached XP level 4. HP: 24/32 MP: 5/5
  1603 | D:2      | Noticed Natasha
  1612 | D:2      | Killed Natasha
  1690 | D:2      | Noticed Jessica
  1698 | D:2      | Killed Jessica
  1699 | D:2      | Reached XP level 5. HP: 37/38 MP: 6/6
  1864 | D:2      | Noticed Natasha
  1875 | D:2      | Killed Natasha
  2108 | D:3      | Reached XP level 6. HP: 21/45 MP: 7/7
  2120 | D:3      | Reached skill level 1 in Shields
  2755 | D:3      | You fall into a shaft and drop 1 floor!
  2774 | D:4      | Found a runed translucent gate.
  2774 | D:4      | Found a runed translucent gate.
  2774 | D:4      | Found a runed translucent gate.
  2775 | D:4      | Noticed Arandomuser85's ghost (amateur DEAE)
  3025 | D:3      | Noticed Ijyb
  3039 | D:3      | Killed Ijyb
  3067 | D:3      | Found a runed translucent door.
  3068 | D:3      | Noticed Crazy Yiuf
  3315 | D:4      | Identified the +2 robe of the Miller {rN+}
  3393 | D:4      | Noticed Grinder
  3403 | D:4      | Paralysed by Grinder for 5 turns
  3433 | D:4      | Killed Grinder
  3434 | D:4      | Reached skill level 6 in Polearms
  3434 | D:4      | Reached skill level 1 in Dodging
  3434 | D:4      | Reached XP level 7. HP: 25/52 MP: 9/9
  4152 | D:4      | Killed Arandomuser85's ghost
  4153 | D:4      | Reached XP level 8. HP: 46/58 MP: 10/10
  4204 | D:5      | Entered Level 5 of the Dungeon
  4752 | D:5      | Reached skill level 5 in Armour
  4864 | D:5      | HP: 3/60 [poisoned by a scorpion]
  5166 | D:5      | Noticed Pikel
  5188 | D:5      | Killed Pikel
  5399 | D:5      | Reached skill level 5 in Invocations
  5399 | D:5      | Reached XP level 9. HP: 53/66 MP: 12/12
  5564 | D:5      | HP: 1/66 [poisoned by an orc wizard]
  5565 | D:5      | Succumbed to an orc wizard's poison

Illustrated notes

Levels and vault maps discovered:
D:1:      ncdulo_smallfort, layout_loops_ring,
          hellmonk_ecumenical_altar_watching_god, st_stairs_3, bh_walls_and_bars
D:2:      layout_rooms, uniq_jessica, uniq_natasha
D:3:      layout_basic, chequers_serial_rivers_micro_e, uniq_ijyb,
          uniq_crazy_yiuf_cottage
D:4:      kennysheep_the_goblin_king, layout_rooms,
          gammafunk_ghost_nasty_kobolds, uniq_grinder
D:5:      layout_loops_ring, sword_in_stone, uniq_pikel, uniq_edmund

Skill      XL: |  1  2  3  4  5  6  7  8 |
---------------+-------------------------+-----
Fighting       | 1 2 3 4 |  4.6
Invocations    | 1 2 3 5 |  5.0
Shields        | 1 |  1.4
Armour         | 4 5 |  5.6
Polearms       | 6 |  6.9
Dodging        | 1 2 3 |  3.5
Bows           | |  1.0
Spellcasting   | |  1.2

Action                   |  1- 3 |  4- 6 |  7- 9 || total
-------------------------+-------+-------+-------++-------
Melee: Spear             |   112 |   133 |       ||   245
       Halberd           |       |    49 |   147 ||   196
Invok: Recall Undead Har |       |     4 |     1 ||     5
  Use: Scroll            |       |     3 |     3 ||     6
       Potion            |       |     1 |     1 ||     2
 Stab: Distracted        |       |     1 |       ||     1
Armor: Ring mail         |    19 |    54 |    23 ||    96
Dodge: Dodged            |    32 |    66 |    69 ||   167
